AoeStats
← |GaoeG| flamingo

African Clearing

510401738Analyzed
3v3 RM · 5h ago on Sep 30, 2026· 52m 33s· 6 players
Game mode
Random Map
Map size
Normal (6 player)
Population
200
Speed
Normal
Resources
Standard
Victory
Conquest
Starting age
Dark Age
Ending age
Imperial Age
RankedLock teamsTeams togetherTeam positionsShared explorationLock speedFull tech treeHidden civsTurbo modeCheats
Victory
Defeat
🇪🇸 Burmese · Spain
1327
+12
🇪🇸 Berbers · Spain
1299
+13
🇪🇸 Italians · Spain
1211
+17
🇨🇳 Varangians · China
1252
-15
🇧🇷 Huns · Brazil
1247
-14
🇦🇺 Danes · Australia
1208
-13
Weak Foe Ahead
5:28 Loom
13:01 Feudal Age
21:48 Castle Age
25:35 Fletching
cesarmmartins
6:15 Loom
13:49 Feudal Age
14:53 Town Watch
16:31 Double-Bit Axe
16:41 Fletching
25:17 Castle Age
23:56 Stone Mining
23:56 Gold Mining
23:51 Horse Collar
25:54 Bodkin Arrow
26:24 Scale Barding Armor
26:46 Bow Saw
28:34 Forging
29:14 Scale Mail Armor
29:26 Pikeman
34:45 Wheelbarrow
种田使我快乐
13:37 Feudal Age
12:49 Loom
17:10 Double-Bit Axe
19:30 Forging
19:26 Scale Barding Armor
21:56 Castle Age
23:00 Bloodlines
22:50 Husbandry
27:29 Bow Saw
40:19 Imperial Age
39:22 Iron Casting
39:28 Wheelbarrow
38:38 Town Watch
41:18 Fletching
42:44 Conscription
42:40 Siege Engineers
42:16 Treadmill Crane
45:53 Hand Cart
45:38 Town Patrol
45:22 Horse Collar
45:33 Gold Mining
45:34 Stone Mining
46:40 Fishing Lines
47:13 Bodkin Arrow
47:19 Padded Archer Armor
47:41 Ballistics
48:11 Heavy Plow
48:54 Elite Jarl
51:06 Blast Furnace
50:26 Chain Barding Armor
50:09 Bracer
51:50 Masonry
52:41 Chemistry
51:48 Vendel Legacy
51:50 Gothikon
51:54 Heavy Scorpion
|GaoeG| flamingo
6:59 Loom
12:36 Feudal Age
13:25 Double-Bit Axe
13:52 Man-at-Arms
14:22 Man-at-Arms
16:59 Fletching
17:03 Horse Collar
19:42 Town Watch
25:55 Castle Age
24:51 Gold Mining
26:21 Bloodlines
26:18 Scale Barding Armor
26:25 Forging
26:51 Bow Saw
29:54 Husbandry
31:36 Heavy Plow
37:34 Chain Barding Armor
43:19 Gold Shaft Mining
44:28 Wheelbarrow
49:08 Imperial Age
46:54 Hand Cart
50:10 Iron Casting
49:21 Heavy Camel Rider
49:21 Cavalier
50:41 Plate Barding Armor
52:24 Blast Furnace
JITANOmaleant7
10:10 Loom
12:35 Feudal Age
13:03 Man-at-Arms
13:37 Man-at-Arms
14:46 Arson
16:30 Horse Collar
22:06 Castle Age
21:31 Gold Mining
37:35 Light Cavalry
38:57 Gold Shaft Mining
38:13 Stone Mining
41:10 Fletching
42:30 Wheelbarrow
42:15 Bloodlines
42:06 Husbandry
42:51 Bodkin Arrow
42:57 Padded Archer Armor
45:22 Scale Barding Armor
45:28 Forging
48:02 Imperial Age
46:49 Chain Barding Armor
50:46 Plate Barding Armor
50:47 Iron Casting
49:34 Hussar
53:02 Hand Cart
ErafaE
8:50 Loom
15:37 Feudal Age
19:50 Castle Age
18:48 Double-Bit Axe
19:02 Stone Mining
19:18 Gold Mining
20:49 Bow Saw
27:42 Fletching
30:18 Wheelbarrow
29:32 Town Watch
29:43 Horse Collar
32:08 Hand Cart
33:35 Ballistics
33:41 Bodkin Arrow
34:28 Padded Archer Armor
35:32 Leather Archer Armor
42:20 Imperial Age
43:06 Bracer
44:34 Conscription
45:43 Chemistry
45:32 Ring Archer Armor
44:33 Elite Genoese Crossbowman
47:21 Town Patrol
48:22 Two-Man Saw
47:23 Heavy Plow
49:19 Crop Rotation
Connection lost

Rejoining the realm…

Still unreachable

The connection could not be restored.

Session expired

The server has moved on; the page needs a fresh start.